 Dungeon Crawl Stone Soup version 0.18.1-48-g4cf74bf (webtiles) character file.

3323 Heedrag the Cleaver (level 9, -5/80 HPs)
             Began as a Minotaur Fighter on Aug 7, 2016.
             Was a Believer of Okawaru.
             Slain by an eight-headed hydra (10 damage)
             ... on level 8 of the Dungeon.
             The game lasted 00:12:44 (6549 turns).

Heedrag the Cleaver (Minotaur Fighter)              Turns: 6549, Time: 00:12:45

Health: -5/80      AC: 16    Str: 22    XL:     9   Next: 71%
Magic:  0/10       EV: 11    Int:  5    God:    Okawaru [**....]
Gold:   403        SH: 13    Dex: 10    Spells: 0 memorised, 8 levels left

rFire  + . .     SeeInvis .     a - +0 war axe
rCold  . . .     Gourm    .     A - +0 chain mail
rNeg   . . .     Faith    .     c - +0 shield
rPois  .         Spirit   +     (helmet restricted)
rElec  .         Dismiss  .     s - -1 cloak (curse)
rCorr  .         Reflect  .     F - +0 pair of gloves
SustAt .         Harm     .     (no boots)
MR     +....     Rnd*Rage +     h - amulet of guardian spirit
Stlth  ..........               (no ring)
                                y - ring of protection from magic

@: heroism, somewhat resistant to hostile enchantments, extremely unstealthy
A: retaliatory headbutt, horns 2, talons 1, thin metallic scales 1, berserk 1,
fire resistance 1, weak 1
a: Heroism, Renounce Religion


You were on level 8 of the Dungeon.
You worshipped Okawaru.
Okawaru was pleased with you.
You were not hungry.

You visited 2 branches of the dungeon, and saw 9 of its levels.

You collected 445 gold pieces.
You spent 42 gold pieces at shops.

Inventory:

Hand Weapons
 a - a +0 war axe (weapon)
 D - a +2 falchion of holy wrath
 M - a +2 vampiric falchion
Armour
 b - a +0 scale mail
 c - a +0 shield (worn)
 s - a cursed -1 cloak (worn)
 A - a +0 chain mail (worn)
 F - a +0 pair of gloves (worn)
Jewellery
 h - an amulet of guardian spirit (around neck)
 y - a ring of protection from magic (left hand)
Wands
 z - a wand of polymorph (13/24)
 E - a wand of teleportation (7/9)
 H - a wand of acid (9/15)
 T - a wand of paralysis (14/24)
Scrolls
 g - a scroll of fear {unknown}
 i - a scroll of fog {unknown}
 n - a scroll of random uselessness {unknown}
 o - 2 scrolls of identify {unknown}
 p - a scroll of amnesia {unknown}
 q - a scroll of enchant armour {unknown}
 v - a scroll of magic mapping {unknown}
 C - a scroll of enchant weapon {unknown}
 J - a scroll of blinking {unknown}
 K - 2 scrolls of teleportation {unknown}
 S - a scroll of remove curse {unknown}
Potions
 d - a potion of might
 e - a potion of lignification {unknown}
 j - a potion of invisibility {unknown}
 k - 6 potions of curing {unknown}
 m - 2 potions of heal wounds {unknown}
 r - 4 potions of brilliance {unknown}
 w - a potion of agility {unknown}
 x - 2 potions of degeneration
 B - a potion of ambrosia {unknown}
 G - 2 potions of haste {unknown}
 I - a potion of flight {unknown}
Books
 L - a book of Ice

   Spells                             Type                      Level
   a - Ice Form                       Ice/Transmutation            4
   b - Metabolic Englaciation         Hexes/Ice                    5
   c - Ozocubu's Refrigeration        Ice                          6
   d - Bolt of Cold                   Conjuration/Ice              6
   e - Freezing Cloud                 Conjuration/Ice/Air          6
   f - Simulacrum                     Ice/Necromancy               6
 N - a book of the Dragon

   Spells                             Type                      Level
   a - Flame Tongue                   Conjuration/Fire             1
   b - Cause Fear                     Hexes                        4
   c - Bolt of Fire                   Conjuration/Fire             6
   d - Dragon Form                    Transmutation                7
   e - Dragon's Call                  Summoning                    9
 O - a book of Beasts

   Spells                             Type                      Level
   a - Summon Butterflies             Summoning                    1
   b - Call Canine Familiar           Summoning                    3
   c - Summon Ice Beast               Ice/Summoning                4
   d - Summon Mana Viper              Hexes/Summoning              5
   e - Summon Hydra                   Summoning                    7
Comestibles
 f - 3 bread rations
 l - 5 meat rations
 t - 22 fruits
 u - 2 beef jerkies
 P - a royal jelly
 Q - 8 chunks of flesh
 R - 6 slices of pizza


   Skills:
 + Level 7.7(12.7) Fighting
 * Level 9.5(14.5) Axes
 + Level 7.9(12.9) Armour
 + Level 5.0(10.0) Dodging
 + Level 7.6(12.6) Shields
 + Level 3.0 Invocations


You had 8 spell levels left.
You didn't know any spells.

Dungeon Overview and Level Annotations

Branches:
Dungeon (8/15)             Temple (1/1) D:6
   Lair: D:8-11

Altars:
Ashenzari
Cheibriados
Dithmenos
Elyvilon
Fedhas
Gozag
Kikubaaqudgha
Makhleb
Nemelex Xobeh
Okawaru
Pakellas
Qazlal
Ru
Sif Muna
Trog
Vehumet
Xom
Yredelemnul
Zin
The Shining One

Shops:
D:4 !*?}   D:5 ?


Innate Abilities, Weirdness & Mutations

You reflexively headbutt those who attack you in melee.
You have a pair of horns on your head.
You have sharp toenails.
You are partially covered in thin metallic scales (AC +2).
You tend to lose your temper in combat.
Your flesh is heat resistant.
You are weak. (Str -2)


Message History

Tha eight-headed hydra barely misses ye.
Tha eight-headed hydra bites ye but does nay damage.
Tha eight-headed hydra misses ye.
Tha eight-headed hydra bites ye but does nay damage.
Tha eight-headed hydra bites ye!
* * * LOW HITPOINT WARNIN'
* * * Tha eight-headed hydra bites ye.
* * * LOW HITPOINT WARNIN'
* * * Tha eight-headed hydra closely misses ye.
Thar be an op'n gate 'ere.
Ye enter tha shallow water.
Movin' in 'tis stuff be goin' ta be slow.
Ye block tha eight-headed hydra's attack.
Tha eight-headed hydra bites ye but does nay damage.
Ye block tha eight-headed hydra's attack.
Tha eight-headed hydra barely misses ye.
Tha eight-headed hydra closely misses ye.
Tha eight-headed hydra bites ye but does nay damage. x2
Tha eight-headed hydra bites ye!
Ye die...

#.####.#.# #.. #####
#.# #.#.### #.# ....#
#.# #.#...# #.# ###.#
#.# #.###.# #.#
###.### ##.## #.# #.#
#.#
......#######...###.#
#.# ##.#
###.#......<........#
#.######%#.
#.############.####
#.##....###
#.########PP≈)@.≈.#
#....###.#.
###........#P≈..D...#
###### ##.#
.###########≈≈P.....#
#.# #.## #P≈≈..P..#
#.. ##.# #.≈P.....#
##. #.##
#+###'''####### #.
.## #%.#.....#....#
#. .# #.%'.....####.#
#. .# ########## #.#
#.


You could see an eight-headed hydra.

Vanquished Creatures
  The ghost of daning the Slasher, a novice HESk of Okawaru (D:7)
  The ghost of Heedrag the Destroyer, a novice DECj (D:6)
  Sigmund (D:2)
  A wyvern (D:6)
  2 yaks (D:8)
  A hippogriff (D:8)
  A water moccasin (D:8)
  2 orc warriors
  A sky beast (D:8)
  An ogre (D:7)
  3 big kobolds (D:8)
  3 giant frogs (D:7)
  5 killer bees (D:8)
  3 howler monkeys (D:8)
  3 crimson imps
  A quasit (D:7)
  4 hounds
  An orc priest (D:7)
  4 orc wizards
  3 iguanas
  7 worker ants
  2 sheep (D:8)
  A mummy (D:7)
  4 gnolls (D:4)
  7 adders
  A river rat (D:3)
  A shadow imp (D:6)
  3 worms
  3 dart slugs
  5 giant geckos
  13 orcs
  10 bats
  4 giant cockroaches
  9 goblins
  7 hobgoblins
  6 jackals
  4 quokkas
  A giant gecko skeleton (D:7)
  6 giant newts
  10 kobolds
  15 rats
161 creatures vanquished.

Notes
Turn   | Place    | Note
--------------------------------------------------------------
     0 | D:1      | Heedrag the Minotaur Fighter began the quest for the Orb.
     0 | D:1      | Reached XP level 1. HP: 19/19 MP: 0/0
   354 | D:1      | Reached XP level 2. HP: 27/27 MP: 1/1
   356 | D:1      | Reached skill level 3 in Axes
   800 | D:2      | Reached XP level 3. HP: 33/33 MP: 2/2
   999 | D:2      | Found a sparkling altar of Nemelex Xobeh.
   999 | D:2      | Found a glowing golden altar of the Shining One.
  1008 | D:2      | Noticed Sigmund
  1010 | D:2      | Found a radiant altar of Vehumet.
  1018 | D:2      | Killed Sigmund
  1018 | D:2      | Reached skill level 4 in Axes
  1018 | D:2      | Reached XP level 4. HP: 31/41 MP: 3/3
  1018 | D:2      | Reached XP level 5. HP: 36/47 MP: 4/4
  1105 | D:2      | Noticed a hippogriff
  1848 | D:3      | Found a blossoming altar of Fedhas.
  2039 | D:3      | Reached skill level 5 in Shields
  2067 | D:3      | Reached XP level 6. HP: 50/55 MP: 5/5
  2213 | D:3      | Reached skill level 5 in Fighting
  2263 | D:3      | Reached skill level 5 in Axes
  2339 | D:3      | Reached skill level 5 in Armour
  2402 | D:4      | Found Bilegawn's Gadget Emporium.
  2646 | D:4      | Found Guuguf's Distillery.
  2665 | D:4      | Bought a potion of mutation for 30 gold pieces
  2665 | D:4      | Bought a potion of degeneration for 12 gold pieces
  2665 | D:4      | Gained mutation: You are partially covered in thin metallic scales (AC +2). [potion of mutation]
  2665 | D:4      | Gained mutation: Your flesh is heat resistant. [potion of mutation]
  2665 | D:4      | Gained mutation: You are weak. (Str -2) [potion of mutation]
  2762 | D:4      | Found Rycamnal's General Store.
  3282 | D:4      | Found Ului's Magic Scroll Emporium.
  3490 | D:5      | Entered Level 5 of the Dungeon
  3576 | D:5      | Found Tihyfaunt's Magic Scroll Emporium.
  3705 | D:5      | Found a deep blue altar of Sif Muna.
  3783 | D:5      | Reached skill level 1 in Dodging
  3824 | D:5      | Found a sacrificial altar of Ru.
  3824 | D:5      | Found a shattered altar of Ashenzari.
  4093 | D:6      | Found a shadowy altar of Dithmenos.
  4115 | D:6      | Noticed Heedrag's ghost (novice DECj)
  4123 | D:6      | Killed Heedrag's ghost
  4123 | D:6      | Reached skill level 6 in Axes
  4123 | D:6      | Reached XP level 7. HP: 56/61 MP: 4/6
  4144 | D:6      | Found a glowing silver altar of Zin.
  4159 | D:6      | Found a shimmering altar of Xom.
  4169 | D:6      | Found a bloodstained altar of Trog.
  4401 | D:6      | Found a staircase to the Ecumenical Temple.
  4411 | D:6      | Noticed a wyvern
  4425 | D:6      | Killed a wyvern
  4430 | D:6      | Reached skill level 7 in Axes
  4447 | Temple   | Entered the Ecumenical Temple
  4558 | Temple   | Became a worshipper of Warmaster Okawaru
  4621 | D:6      | Reached XP level 8. HP: 67/70 MP: 7/7
  4881 | D:7      | Noticed daning's ghost (novice HESk)
  5168 | D:7      | Killed daning's ghost
  5168 | D:7      | Reached * piety under Okawaru
  5168 | D:7      | Reached skill level 8 in Axes
  5543 | D:7      | Found a snail-covered altar of Cheibriados.
  5854 | D:8      | Reached skill level 1 in Invocations
  5854 | D:8      | Reached XP level 9. HP: 66/79 MP: 8/8
  6005 | D:8      | Reached ** piety under Okawaru
  6142 | D:8      | Gained mutation: You tend to lose your temper in combat. [mutagenic meat]
  6144 | D:8      | Gained mutation: You have sharp toenails. [mutagenic meat]
  6192 | D:8      | Reached skill level 9 in Axes
  6528 | D:8      | Noticed a two-headed hydra
  6538 | D:8      | Reached skill level 5 in Dodging
  6542 | D:8      | HP: 4/80 [eight-headed hydra (3)]
  6549 | D:8      | Slain by an eight-headed hydra

Skill      XL: |  1  2  3  4  5  6  7  8  9 |
---------------+----------------------------+-----
Axes           | 3 4 6 7 8 9 |  9.5
Armour         | 4 5 6 7 |  7.9
Fighting       | 4 5 7 |  7.7
Shields        | 4 5 6 7 |  7.6
Dodging        | 1 2 4 5 |  5.0
Invocations    | 1 3 |  3.0

Action                   |  1- 3 |  4- 6 |  7- 9 || total
-------------------------+-------+-------+-------++-------
Melee: War axe           |    83 |   224 |   291 ||   598
       Headbutt          |     5 |    32 |    51 ||    88
       Kick              |       |       |    23 ||    23
Invok: Heroism           |       |       |     1 ||     1
  Use: Potion            |       |     1 |       ||     1
  Eat: Chunk             |       |    11 |    11 ||    22
Armor: Scale mail        |    40 |    64 |       ||   104
       Chain mail        |       |    34 |   153 ||   187
Dodge: Dodged            |    24 |    53 |    87 ||   164
Block: Shield            |    36 |   118 |   181 ||   335
